AoeStats
← Christine

MegaRandom

510823537Analyzed
2v2 RM · 12h ago on Oct 2, 2026· 24m 49s· 4 players
Game mode
Random Map
Map size
Medium (4 player)
Population
200
Speed
Normal
Resources
Standard
Victory
Conquest
Starting age
Dark Age
Ending age
Imperial Age
RankedLock teamsTeams togetherTeam positionsShared explorationLock speedFull tech treeHidden civsTurbo modeCheats
Victory
Defeat
🇦🇷 Britons · Argentina
1716
+11
🇵🇪 Lithuanians · Peru
1650
+13
🇩🇴 Huns · Dominican Republic
1622
-13
🇳🇱 Mongols · Netherlands
1579
-11
RD | El_Zapatero22
7:45 Feudal Age
8:23 Double-Bit Axe
8:34 Horse Collar
10:39 Loom
14:00 Scale Barding Armor
16:51 Fishing Lines
21:33 Castle Age
20:23 Forging
20:57 Bloodlines
22:45 Chain Barding Armor
22:54 Chain Barding Armor
23:23 Wheelbarrow
23:05 Husbandry
CornelVS1
6:17 Loom
8:40 Feudal Age
9:13 Double-Bit Axe
10:46 Horse Collar
12:22 Wheelbarrow
22:18 Castle Age
20:21 Gold Mining
20:51 Fletching
21:26 Bloodlines
21:57 Padded Archer Armor
Christine
0:39 Loom
7:46 Feudal Age
19:40 Castle Age
18:22 Scale Barding Armor
18:29 Double-Bit Axe
18:34 Horse Collar
19:39 Bloodlines
20:35 Forging
21:50 Husbandry
23:53 Gold Mining
25:31 Chain Barding Armor
VL Aveee
0:33 Loom
8:17 Feudal Age
9:25 Double-Bit Axe
13:02 Fletching
21:09 Castle Age
19:41 Gold Mining
19:59 Horse Collar
21:17 Padded Archer Armor
21:14 Crossbowman
21:50 Bodkin Arrow
23:21 Ballistics
Connection lost

Rejoining the realm…

Still unreachable

The connection could not be restored.

Session expired

The server has moved on; the page needs a fresh start.